AoeStats
← Cactusman

QS Arena

503197068Analyzed
3v3 RM · 1mo ago on Aug 30, 2026· 62m 48s· 6 players
Game mode
Random Map
Map size
Normal (6 player)
Population
200
Speed
Normal
Resources
Standard
Victory
Conquest
Starting age
Dark Age
Ending age
Imperial Age
RankedLock teamsTeams togetherTeam positionsShared explorationLock speedFull tech treeHidden civsTurbo modeCheats
Victory
Defeat
🇩🇪 Teutons · Germany
1178
+17
1141
+19
🇹🇷 Mongols · Türkiye
1117
+20
🇺🇸 Persians · United States
1242
-20
🇵🇪 Inca · Peru
1201
-19
🇨🇦 Cumans · Canada
1156
-17
Алгоритм выполне
7:33 Feudal Age
8:46 Loom
9:36 Double-Bit Axe
11:01 Horse Collar
19:38 Castle Age
23:22 Bow Saw
25:36 Town Watch
28:03 Heavy Plow
28:04 Gold Mining
29:32 Gold Shaft Mining
28:50 Stone Mining
32:54 Imperial Age
31:20 Pikeman
32:01 Squires
31:46 Arson
31:48 Gambesons
31:50 Crossbowman
32:31 Murder Holes
32:47 Masonry
33:29 Arbalester
34:35 Fletching
34:45 Padded Archer Armor
38:28 Two-Man Saw
38:29 Hoardings
37:17 Elite Berserk
38:10 Bodkin Arrow
38:30 Leather Archer Armor
40:16 Architecture
40:22 Crop Rotation
40:30 Fortified Wall
41:27 Town Patrol
40:49 Heavy Scorpion
40:51 Onager
42:43 Chemistry
42:09 Chieftains
42:32 Conscription
43:36 Leather Archer Armor
43:25 Bracer
43:53 Leather Archer Armor
44:37 Forging
44:27 Scale Mail Armor
51:30 Capped Ram
55:50 Town Patrol
56:28 Iron Casting
56:08 Chain Mail Armor
56:27 Ring Archer Armor
56:03 Scale Barding Armor
57:21 Bogsveigar
61:05 Elite Skirmisher
62:05 Siege Ram
[O_o] Killerhand
6:56 Feudal Age
6:33 Loom
11:12 Fletching
20:47 Castle Age
19:16 Man-at-Arms
19:59 Scale Mail Armor
21:50 Bodkin Arrow
22:21 Double-Bit Axe
22:29 Gold Mining
22:09 Pikeman
22:13 Long Swordsman
22:39 Gambesons
34:11 Fortified Wall
34:51 Padded Archer Armor
34:16 Crossbowman
34:23 Elite Skirmisher
37:37 Imperial Age
36:58 Ballistics
36:36 Pikeman
37:36 Chain Mail Armor
38:19 Bow Saw
38:27 Leather Archer Armor
39:32 Chemistry
39:04 Horse Collar
40:11 Wheelbarrow
40:25 Wheelbarrow
41:01 Ring Archer Armor
40:49 Guard Tower
40:44 Arrowslits
41:38 Masonry
42:22 Keep
44:18 Two-Man Saw
43:22 Heavy Plow
43:58 Plate Mail Armor
45:42 Stone Mining
46:27 Forging
46:34 Masonry
47:02 Halberdier
47:43 Squires
49:13 Siege Engineers
51:00 Iron Casting
53:13 Hand Cart
62:57 Blast Furnace
madarahel
8:01 Feudal Age
9:14 Loom
11:29 Loom
14:19 Castle Age
13:01 Double-Bit Axe
16:47 Scale Barding Armor
23:15 Horse Collar
31:07 Imperial Age
28:49 Heavy Plow
30:30 Wheelbarrow
30:00 Padded Archer Armor
29:50 Fletching
30:12 Forging
30:04 Murder Holes
30:20 Gold Mining
30:56 Ballistics
31:05 Husbandry
31:31 Bodkin Arrow
32:56 Bloodlines
34:20 Chemistry
35:12 Hand Cart
34:55 Elite Skirmisher
36:02 Leather Archer Armor
37:08 Masonry
36:57 Heavy Camel Rider
39:28 Bracer
39:49 Chain Barding Armor
38:58 Pikeman
39:14 Capped Ram
40:46 Forging
41:31 Conscription
42:43 Iron Casting
42:13 Heavy Scorpion
44:01 Light Cavalry
47:11 Fortified Wall
46:57 Guard Tower
48:09 Blast Furnace
47:09 Scale Mail Armor
50:02 Chain Mail Armor
49:52 Siege Ram
59:23 Fortified Wall
62:57 Plate Mail Armor
Cactusman
8:32 Feudal Age
9:15 Loom
13:17 Castle Age
12:31 Double-Bit Axe
12:42 Gold Mining
14:12 Bow Saw
13:58 Fletching
15:19 Wheelbarrow
15:56 Bodkin Arrow
25:59 Horse Collar
27:02 Bloodlines
27:31 Heavy Plow
29:23 Hand Cart
29:21 Husbandry
33:35 Imperial Age
31:35 Ballistics
31:36 Scale Barding Armor
31:31 Padded Archer Armor
33:32 Cavalier
35:52 Chain Barding Armor
34:55 Savar
37:11 Forging
38:01 Plate Barding Armor
39:38 Iron Casting
43:41 Blast Furnace
43:12 Masonry
44:11 Light Cavalry
45:36 Thumb Ring
47:03 Hoardings
46:50 Conscription
45:54 Elite Skirmisher
47:43 Squires
49:09 Heavy Cavalry Archer
50:21 Citadels
49:43 Sappers
58:19 Leather Archer Armor
61:51 Chemistry
60:47 Murder Holes
Naattt
4:46 Loom
7:10 Feudal Age
22:54 Fletching
27:37 Castle Age
31:42 Bodkin Arrow
33:26 Double-Bit Axe
33:25 Horse Collar
34:26 Bow Saw
35:17 Padded Archer Armor
35:23 Stone Mining
38:31 Ballistics
41:00 Imperial Age
37:57 Light Cavalry
38:45 Steppe Husbandry
38:53 Steppe Husbandry
39:36 Wheelbarrow
39:27 Bloodlines
40:34 Heavy Plow
41:54 Forging
42:35 Leather Archer Armor
43:43 Iron Casting
43:32 Hussar
44:41 Scale Barding Armor
46:08 Chemistry
45:32 Hand Cart
49:48 Blast Furnace
53:26 Ring Archer Armor
55:15 Cavalier
Havoc_
3:46 Loom
6:19 Feudal Age
7:15 Double-Bit Axe
7:13 Horse Collar
9:49 Fletching
18:17 Wheelbarrow
21:35 Castle Age
25:45 Heavy Plow
26:19 Gold Mining
26:40 Bow Saw
32:42 Imperial Age
30:15 Padded Archer Armor
31:19 Gold Shaft Mining
30:38 Stone Mining
31:06 Bodkin Arrow
32:07 Thumb Ring
31:22 Crossbowman
33:09 Arbalester
38:16 Elite Skirmisher
41:55 Chemistry
40:21 Capped Ram
43:03 Ballistics
42:38 Siege Ram
46:30 Town Watch
47:02 Hand Cart
46:56 Bracer
47:11 Leather Archer Armor
48:26 Town Patrol
48:54 Forging
49:15 Ring Archer Armor
54:22 Crop Rotation
Connection lost

Rejoining the realm…

Still unreachable

The connection could not be restored.

Session expired

The server has moved on; the page needs a fresh start.